Map: Shrines of Lizul

Players

MonstroTown

  • Race: Terran Terran
  • Spawn Location: 6:00

Michael

  • Race: Zerg Zerg
  • League: Gold
  • Spawn Location: 9:00

IIIIIIIIIII - Winner!

  • Race: Protoss Protoss
  • League: Platinum
  • Spawn Location: 3:00

DEPREDATOR - Winner!

  • Race: Terran Terran
  • League: Platinum
  • Spawn Location: 12:00

VOD

Have the link to the VOD?

Description

Time

  • Played on: Sept. 25, 2018, 7:50 p.m.
  • Length: 10:34
Show
View Real Time Build Order
Export as new Build Order

MonstroTown Terran 

Build Orders:  

Get SALT Encoding   

  12  0:01  SCV  
  13  0:13  SCV  
  14  0:18  Supply Depot  
  14  0:25  SCV  
  15  0:40  SCV  
  15  0:41  Barracks  
  16  0:50  Refinery  
  16  0:52  SCV  
  17  1:04  SCV  
  17  1:06  Barracks  
  18  1:17  SCV  
  19  1:30  Orbital Command  
  19  1:32  Reaper  
  20  1:35  Supply Depot  
  20  1:54  Reaper  
  21  2:04  SCV  
  22  2:09  Reaper  
  23  2:27  Command Center  
  22  2:46  Reaper x2  
  24  2:52  Refinery  
  24  2:57  Barracks  
  24  3:18  Reaper  
  20  3:47  Marine  
  21  3:52  Orbital Command  
  21  3:57  Marine  
  21  4:02  Command Center  
  22  4:05  Marine  
  22  4:15  Reaper  
  9  4:59  Marine x2  
  11  5:12  Marine  
  12  5:17  Marine  
  9  5:27  Marine  
  10  5:30  SCV x2, Marine  
  10  5:35  Marine  
  14  5:39  Barracks  
  14  5:45  Marine  
  14  5:48  Marine  
  14  5:49  Barracks  
  13  6:10  SCV x3  
  16  6:11  Marine  
  16  6:13  Barracks Tech Lab  
  17  6:22  SCV x3  
  19  6:34  SCV  
  19  6:39  Orbital Command  
  16  6:53  Marine x2  
  18  7:01  Marine x2  
  18  7:02  Marine  
  18  7:05  SCV  
  22  7:20  Marauder  
  24  7:25  Marine x3, Orbital Command  
  27  7:40  Marine  
  27  7:41  Marine  
  27  7:42  SCV  
  29  7:50  SCV  
  26  7:54  SCV  
  25  8:06  Stimpack  
  25  8:07  SCV  
  26  8:28  Marine x3  
  29  8:50  Marine x4  
  29  8:53  Marine  
  34  8:56  SCV x2  
  36  9:07  Marine  
  36  9:08  SCV x2, Marine  
  38  9:20  SCV x2  
  37  9:26  Marine x2  
  37  9:32  SCV x2  
  39  9:39  Marine  
  39  9:44  SCV x2, Barracks Reactor x2, Marine  
  42  9:52  Factory x2  
  42  9:55  Engineering Bay  
  42  9:56  SCV x2  
  44  10:06  Marine  
  44  10:07  Marine x2  
  45  10:08  SCV x2  
Show
View Real Time Build Order
Export as new Build Order

Michael Zerg 

Build Orders: Pool First 

Get SALT Encoding   

  12  0:01  Drone  
  13  0:13  Overlord  
  13  0:18  Drone  
  14  0:31  Drone x2  
  14  0:35  Drone  
  17  0:39  Extractor  
  16  0:45  Drone  
  17  0:53  Spawning Pool  
  17  0:56  Drone  
  17  1:10  Drone  
  18  1:17  Drone  
  19  1:31  Hatchery  
  19  1:32  Drone  
  19  1:42  Queen  
  21  1:49  Metabolic Boost  
  21  1:53  Zergling x2  
  22  2:00  Overlord  
  22  2:13  Overlord  
  22  2:18  Extractor, Drone  
  22  2:22  Queen  
  24  2:26  Drone  
  25  2:34  Evolution Chamber  
  25  2:35  Zergling x2  
  25  2:46  Queen  
  25  2:50  Drone  
  28  2:53  Zergling x2  
  29  2:58  Zergling x2  
  29  3:08  Zerg Ground Armor Level 1  
  29  3:11  Zergling x2  
  30  3:19  Drone  
  30  3:21  Zergling x2  
  30  3:22  Zergling x2  
  32  3:50  Zergling x16  
  40  4:00  Zergling x6  
  40  4:32  Drone x3  
  40  4:35  Overlord x2  
  40  4:36  Overlord x2  
  43  5:01  Drone x7  
  50  5:30  Overlord  
  50  5:31  Overlord x2  
  50  5:32  Overlord  
  42  5:50  Drone x8  
  43  6:05  Queen  
  43  6:06  Queen  
  43  6:16  Roach Warren  
  35  6:33  Zergling x2  
  35  6:34  Zergling x8  
  40  6:41  Queen, Zergling x4  
  46  6:48  Lair  
  38  7:30  Drone x6  
  44  7:38  Zergling x6  
  38  8:09  Drone x2  
  33  8:16  Drone x3  
  19  9:02  Drone x3  
  20  9:17  Drone  
  20  9:18  Drone x2  
Show
View Real Time Build Order
Export as new Build Order

IIIIIIIIIII Protoss - Winner!

Build Orders:  

Get SALT Encoding   

  12  0:00  Probe  
  13  0:13  Probe  
  14  0:18  Pylon  
  14  0:26  Probe  
  15  0:38  Probe  
  15  0:41  Gateway  
  16  0:46  Probe, Assimilator  
  17  1:02  Forge  
  17  1:03  Probe  
  18  1:15  Probe  
  19  1:20  Assimilator  
  19  1:28  Cybernetics Core  
  19  1:32  Probe  
  20  1:42  Photon Cannon  
  20  1:45  Probe  
  21  1:52  Pylon  
  21  1:56  Warp Gate  
  21  1:58  Probe  
  22  2:10  Adept  
  22  2:12  Probe  
  25  2:20  Photon Cannon  
  24  2:50  Stalker  
  26  2:56  Probe  
  27  2:59  Pylon  
  27  3:04  Gateway  
  24  3:22  Probe  
  25  3:30  Probe  
  25  3:33  Gateway  
  25  3:38  Gateway  
  25  3:40  Probe  
  26  3:48  Shield Battery  
  27  4:02  Stalker  
  29  4:03  Stalker  
  31  4:30  Photon Cannon  
  31  4:32  Adept x2  
  31  4:33  Adept  
  37  4:40  Pylon  
  37  5:08  Adept x4  
  45  5:27  Robotics Facility  
  45  6:09  Adept x4  
  43  6:25  Warp Prism  
  43  6:32  Pylon  
  43  6:34  Pylon  
  43  6:37  Gateway  
  41  7:28  Adept  
  41  7:29  Adept x3  
  45  7:52  Adept x2  
  45  7:53  Adept x3  
  43  8:14  Adept x5  
  49  8:39  Adept x3  
  49  8:40  Adept  
  43  9:16  Adept x2  
  43  9:17  Adept x2  
  47  9:18  Adept  
  45  9:41  Adept x2  
  49  9:59  Adept x2  
  43  10:27  Adept x3  
Show
View Real Time Build Order
Export as new Build Order

DEPREDATOR Terran - Winner!

Build Orders:  

Get SALT Encoding   

  12  0:01  SCV  
  13  0:13  SCV  
  14  0:20  Supply Depot  
  14  0:25  SCV  
  15  0:30  Refinery  
  15  0:42  SCV  
  16  0:48  Barracks  
  16  0:54  SCV  
  17  1:06  SCV  
  18  1:12  Supply Depot  
  19  1:18  SCV  
  19  1:30  SCV  
  20  1:36  Reaper, Barracks  
  21  1:41  Refinery  
  21  1:42  SCV  
  22  1:58  Barracks  
  22  2:02  SCV  
  23  2:13  Reaper  
  23  2:15  SCV  
  25  2:25  Supply Depot  
  25  2:28  Reaper  
  26  2:45  Reaper  
  26  2:46  Reaper  
  26  2:48  Supply Depot  
  28  3:00  Reaper  
  29  3:17  Reaper  
  29  3:18  Reaper  
  31  3:32  Reaper  
  29  3:49  Reaper  
  29  3:50  Reaper  
  31  4:04  Reaper  
  31  4:08  Barracks  
  32  4:12  Orbital Command  
  32  4:21  Reaper  
  32  4:23  Reaper  
  34  4:36  Reaper  
  35  4:53  Reaper  
  35  4:55  Reaper  
  37  5:07  Barracks Reactor  
  37  5:08  Reaper  
  38  5:25  Reaper  
  38  5:27  Reaper  
  37  5:40  Reaper  
  36  5:57  Reaper  
  36  6:16  Barracks  
  36  6:17  Barracks Reactor x2, Reaper  
  36  6:18  Reaper  
  37  6:30  Reaper  
  38  6:50  Reaper  
  39  7:02  Reaper  
  37  7:13  Reaper  
  37  7:14  Reaper x3  
  39  7:22  Reaper  
  35  7:34  Reaper  
  36  7:58  Reaper x4  
  39  8:06  Reaper  
  35  8:20  Command Center  
  35  8:30  Reaper x2  
  37  8:38  Reaper x3  
  36  8:46  Reaper  
  36  8:52  Barracks  
  36  8:53  Marine  
  36  8:54  Barracks  
  36  8:55  Barracks  
  37  9:02  Marine x2  
  39  9:09  Marine  
  39  9:10  Marine x2  
  39  9:16  Marine x2  
  44  9:18  Marine  
  44  9:20  Reaper, Marine  
  47  9:31  Marine x3  
  47  9:34  Marine  
  51  9:40  SCV  
  51  9:44  Supply Depot  
  52  9:52  SCV, Marine  
  53  9:53  Marine x5  
  59  10:04  SCV  
Tags
 
Add a new tag
Caveats
  • Supply blocks, unpowered buildings, or Contaminate may cause inaccurate times.
  • Supply counts are checked every 10 seconds.